 Dungeon Crawl Stone Soup version 0.24.0-13-gcf9b3192b9 (console) character file.

Game seed: 255607491469555048, levelgen mode: deterministic

67 AlterAsc the Changer (level 4, -2/28 HPs)
             Began as an Octopode Transmuter on Nov 9, 2019.
             Killed from afar by a white imp (6 damage)
             ... with a puff of frost
             ... summoned by Natasha
             ... on level 2 of the Dungeon.
             The game lasted 00:02:38 (1305 turns).

AlterAsc the Changer (Octopode Transmuter)          Turns: 1305, Time: 00:02:38

Health: -2/28      AC:  2    Str: 10    XL:     4   Next: 16%
Magic:  6/8        EV: 19    Int: 15    God:
Gold:   58         SH:  0    Dex: 17    Spells: 2/8 levels left

rFire    . . .     SeeInvis .     - Unarmed
rCold    . . .     Gourm    .   (shield currently unavailable)
rNeg     . . .     Faith    .   (helmet currently unavailable)
rPois    x         Spirit   .   (no amulet)
rElec    .         Reflect  .   (no ring)
rCorr    .         Harm     .   (no ring)
MR       .....                  (no ring)
Stlth    ++........             (no ring)
HPRegen  0.09/turn              (no ring)
MPRegen  0.11/turn              (no ring)
                                (no ring)
                                (no ring)

@: spider-form (expiring)
A: tiny, almost no armour, stealthy swim, (amphibious), 8 rings, (constrict 8)
a: End Transformation


You were on level 2 of the Dungeon.
You were hungry.
You were a venomous arachnid creature.
You visited 1 branch of the dungeon, and saw 2 of its levels.

You collected 58 gold pieces.

Inventory:

Missiles
 a - 54 arrows
Jewellery
 g - an uncursed amulet of guardian spirit
Scrolls
 d - a scroll of fear {unknown}
 f - 4 scrolls of remove curse {unknown}
 h - a scroll of enchant armour {unknown}
 k - a scroll of enchant weapon {unknown}
 m - 2 scrolls of identify {unknown}
Potions
 b - 2 potions of curing {unknown}
 e - a potion of brilliance {unknown}
 j - 2 potions of might {unknown}
 l - a potion of degeneration {unknown}
Comestibles
 c - 2 rations
 i - 7 chunks of flesh


   Skills:
 - Level 1.0 Fighting
 - Level 2.0 Dodging
 - Level 3.0 Unarmed Combat
 + Level 2.7 Spellcasting
 * Level 3.6 Transmutations


You had 2 spell levels left.
You knew the following spells:

 Your Spells              Type           Power        Failure   Level  Hunger
a - Beastly Appendage     Tmut           ##....       14%         1    #......
b - Sticks to Snakes      Tmut           ##......     19%         2    ##.....
c - Spider Form           Tmut/Pois      #.........   50%         3    ###....

Your spell library contained the following spells:

 Spells                   Type           Power        Failure   Level  Hunger
 Ice Form                 Ice/Tmut       #.......     85%         4    #####..
 Blade Hands              Tmut           ##........   90%         5    ######.


Dungeon Overview and Level Annotations

Branches:
Dungeon (2/15)

Altars:
Okawaru
Wu Jian

Annotations:
D:2 Natasha


Innate Abilities, Weirdness & Mutations

You cannot wear most types of armour.
You are very stealthy in the water. (Stealth+)
((You are amphibious.))
You can wear up to eight rings at the same time.
((You can use your tentacles to constrict eight enemies at once.))
((Your skin changes colour to match your surroundings (Stealth+).))
((Your rubbery body absorbs attacks. (AC +1, EV +1)))


Message History

Natasha is moderately wounded.
The white imp misses you. Natasha claws you!
You barely miss Natasha.
Natasha is moderately wounded.
The white imp shouts, "Begone, thou erky milk-livered crab-lanthorn!"
The white imp gestures at you. The puff of frost hits you!
* * * LOW HITPOINT WARNING * * *
Natasha barely misses you.
You hit Natasha but do no damage.
Natasha looks as sick as possible!
Natasha is heavily wounded.
The white imp hits you but does no damage.
Natasha stares at you and mumbles some strange words.
The magic dart hits you.
* * * LOW HITPOINT WARNING * * *
You hit Natasha.
Natasha looks as sick as possible!
Natasha is severely wounded.
The white imp gestures at you. The puff of frost hits you.
You die...

.........###.#
###.#
#............#
#.####
######.......#
###....###
#.......#
#........#
#.......#
#........#
#.......#
#.....<..#
#.......#
#........#
#.....h5#
##########
####..#s#
##.#.# #...#
##..# #..#
#... #... ##..
#...


You could see Natasha and a white imp.

Vanquished Creatures
  Jessica (D:2)
  An adder (D:2)
  3 dart slugs
  A leopard gecko (D:1)
  6 bats
  A giant cockroach (D:2)
  A goblin (D:2)
  4 kobolds (D:1)
  A quokka (D:2)
  A frilled lizard (D:1)
  6 rats
26 creatures vanquished.

Notes
Turn   | Place    | Note
-------+----------+-------------------------------------------
     0 | D:1      | AlterAsc the Octopode Transmuter began the quest for the
                  | Orb.
     0 | D:1      | Reached XP level 1. HP: 13/13 MP: 3/3
   337 | D:1      | Reached XP level 2. HP: 10/18 MP: 5/5
  1113 | D:2      | Found an ornate altar of the Wu Jian Council.
  1114 | D:2      | Reached XP level 3. HP: 22/23 MP: 6/6
  1160 | D:2      | Noticed Natasha
  1170 | D:2      | Learned a level 2 spell: Sticks to Snakes
  1174 | D:2      | Learned a level 3 spell: Spider Form
  1196 | D:2      | Noticed Jessica
  1199 | D:2      | Killed Jessica
  1213 | D:2      | Found an iron altar of Okawaru.
  1238 | D:2      | Reached XP level 4. HP: 26/28 MP: 6/8
  1305 | D:2      | Killed from afar by a white imp

Levels and vault maps discovered:
D:1:      lemuel_arrival_tunnels, layout_basic
D:2:      layout_basic, nicolae_overflow_crystal_walls,
          okawaru_metal_pillars_1_2, uniq_natasha, uniq_jessica

Skill      XL: |  1  2  3 |
---------------+----------+-----
Transmutations | 3 |  3.6
Fighting       | |  1.0
Dodging        | |  2.0
Unarmed Combat | |  3.0
Spellcasting   | |  2.7

Action                   |  1- 3 |  4- 6 || total
-------------------------+-------+-------++-------
Melee: Unarmed           |    50 |    10 ||    60
       Constrict         |    15 |     1 ||    16
       Kick              |     6 |     1 ||     7
       Tentacles         |     7 |       ||     7
 Cast: Beastly Appendage |    10 |     1 ||    11
       Spider Form       |     1 |     1 ||     2
 Stab: Sleeping          |     4 |       ||     4
  Eat: Chunk             |     1 |       ||     1
Armor: Skin              |     3 |     1 ||     4
Dodge: Dodged            |    29 |     6 ||    35
